 Dungeon Crawl Stone Soup version 0.27.1 (webtiles) character file.

Game seed: 10512641833100312553

16520 ZARRMARR the Geomancer (level 12, -6/59 HPs)
             Began as a Gargoyle Earth Elementalist on Aug 23, 2021.
             Was an Elder of Sif Muna.
             Mangled by an orc warlord (27 damage)
             ... on level 2 of the Orcish Mines.
             The game lasted 01:35:17 (16080 turns).

ZARRMARR the Geomancer (GrEE)                      Turns: 16080, Time: 01:35:17

Health: -6/59      AC: 25    Str: 14    XL:     12   Next: 38%
Magic:  29/29      EV: 10    Int: 19    God:    Sif Muna [****..]
Gold:   1773       SH:  0    Dex: 10    Spells: 28/38 levels left

rFire    . . .     SeeInvis .   M - +1 quarterstaff (vorpal)
rCold    + . .     Faith    .   (shield currently unavailable)
rNeg     + + +     Spirit   .   y - +2 ring mail {rC+}
rPois    ∞         Reflect  .   J - +0 helmet
rElec    +         Harm     .   k - +1 cloak
rCorr    +         Rampage  .   f - +5 pair of gloves "Quzusse" {rN++}
Will     .....                  (no boots)
Stlth    +.........             b - amulet of magic regeneration
HPRegen  0.19/turn              c - ring of resist corrosion
MPRegen  0.46/turn              B - ring of flight

@: flying
A: sickness immunity, AC +8, negative energy resistance 1, electricity
resistance, torment resistance 1, petrification resistance
a: Renounce Religion, Channel Magic, Forget Spell, Divine Exegesis


You were on level 2 of the Orcish Mines.
You worshipped Sif Muna.
Sif Muna was greatly pleased with you.
You visited 3 branches of the dungeon, and saw 13 of its levels.

You collected 1773 gold pieces.

Inventory:

Hand Weapons
 M - a +1 vorpal quarterstaff (weapon)
Missiles
 i - 94 poisoned darts
 q - 28 boomerangs (quivered)
Armour
 f - the +5 pair of gloves "Quzusse" (worn) {rN++}
   (You found it on level 6 of the Dungeon)

   rN:        It greatly protects you from negative energy.
 k - a +1 cloak (worn)
 y - a +2 ring mail of cold resistance (worn)
 D - a +0 buckler
 E - a +0 troll leather armour
 J - a +0 helmet (worn)
Magical Staves
 G - a staff of cold
Jewellery
 a - a ring of ice
 b - an amulet of magic regeneration (around neck)
 c - a ring of resist corrosion (left hand)
 n - a ring of protection from fire
 B - a ring of flight (right hand)
Wands
 j - a wand of polymorph (11)
 o - a wand of iceblast (28)
 F - a wand of flame (20)
Scrolls
 l - 2 scrolls of enchant armour
 r - a scroll of magic mapping
 s - 2 scrolls of brand weapon
 t - a scroll of vulnerability {unknown}
 w - 2 scrolls of immolation
 x - 3 scrolls of fog
 C - a scroll of amnesia {unknown}
 K - 2 scrolls of blinking
 L - a scroll of fear
 O - a scroll of torment
Potions
 d - a potion of brilliance {unknown}
 e - a potion of cancellation
 g - 6 potions of degeneration {unknown}
 h - 2 potions of magic {unknown}
 m - 2 potions of ambrosia {unknown}
 p - 2 potions of mutation {unknown}
 u - a potion of lignification {unknown}
 v - 5 potions of curing {unknown}
 z - a potion of flight {unknown}
 A - 2 potions of haste {unknown}
 N - a potion of resistance {unknown}
Miscellaneous
 H - a condenser vane
 I - a phial of floods (inert)


   Skills:
 + Level 2.9 Armour
 - Level 1.5 Dodging
 - Level 2.1 Stealth
 + Level 13.5 Spellcasting
 - Level 0.7 Transmutations
 + Level 14.8 Earth Magic


You had 28 spell levels left.
You knew the following spells:

 Your Spells              Type           Power      Damage    Failure   Level
a - Sandblast             Erth           100%       2d20      1%          1
b - Stone Arrow           Conj/Erth      82%        3d12      1%          3
c - Passwall              Tmut/Erth      35%        N/A       1%          2
d - Petrify               Tmut/Erth      42%        N/A       4%          4

Your spell library contained the following spells:

 Spells                   Type           Power      Damage    Failure   Level
 Animate Skeleton         Necr           24%        N/A       11%         1
 Apportation              Tloc           24%        N/A       11%         1
 Corona                   Hex            13%        N/A       11%         1
 Summon Small Mammal      Summ           48%        N/A       11%         1
 Slow                     Hex            12%        N/A       16%         2
 Confusing Touch          Hex            12%        N/A       30%         3
 Ozocubu's Armour         Ice            12%        N/A       30%         3
 Vampiric Draining        Necr           6%         2d6       30%         3
 Conjure Ball Lightning   Conj/Air       6%         3x3d6     100%        6
 Ozocubu's Refrigeration  Ice            6%         4d6       100%        7
 Discord                  Hex            6%         N/A       100%        8
 Disjunction              Tloc           6%         N/A       100%        8
 Chain Lightning          Conj/Air       6%         3d8       100%        9
 Fire Storm               Conj/Fire      6%         8d2       100%        9


Dungeon Overview and Level Annotations

Branches:
Dungeon (10/15)            Temple (1/1) D:5             Orc (2/2) D:9
   Lair: D:8-11         Elf: Orc:2

Altars:
Ashenzari
Cheibriados
Dithmenos
Elyvilon
Fedhas
Gozag
Hepliaklqana
Kikubaaqudgha
Makhleb
Nemelex Xobeh
Okawaru
Qazlal
Ru
Sif Muna
Trog
Uskayaw
Vehumet
Wu Jian
Xom
Yredelemnul
Zin
The Shining One
Beogh

Shops:
D:1 !***


Innate Abilities, Weirdness & Mutations

You are immune to sickness and miasma.
Your stone body is resilient. (AC +8)
You are immune to poison.
You resist negative energy. (rN+)
You are resistant to electric shocks. (rElec)
You are resistant to unholy torment.
You are immune to petrification.


Message History

Casting: Stone Arrow (safe; 1% risk of failure)
Confirm with . or Enter, or press ? or * to list all spells.
Aiming: Stone Arrow (safe; 1% risk of failure)
Press: ? - help, Shift-Dir - straight line, f - orc warrior
Aim: an orc warrior, wielding a +0 halberd, wearing a +0 plate armour and quivering boomerangs (76% to hit)
The stone arrow misses the orc warrior.
The orc warlord roars a battlecry!
The orc warriors go into a battle-frenzy!
The orc warrior hits you from afar with a +0 halberd.
The orc warrior throws a boomerang.
The boomerang hits you but does no damage.
You hear a shout!
Casting: Stone Arrow (safe; 1% risk of failure)
Confirm with . or Enter, or press ? or * to list all spells.
Aiming: Stone Arrow (safe; 1% risk of failure)
Press: ? - help, Shift-Dir - straight line, f/p - orc warrior
Aim: an orc warrior, wielding a +0 halberd, wearing a +0 plate armour and quivering boomerangs (strong, 76% to hit)
The stone arrow hits the orc warrior!
The orc warrior is heavily wounded.
The orc warrior hits you from afar with a +0 halberd!!
The orc warrior throws a boomerang.
The boomerang closely misses you. The orc warrior closely misses you.
The orc warrior hits you from afar with a +0 halberd.
You fly upwards.
There is a stone staircase leading down here.
You start resting.
Magic restored.
You start resting.
HP restored.
You fly downwards.
The orc shouts!
You hear a shout!
The troll barely misses you. The troll claws you but does no damage.
The troll claws you!
The orc warlord hits you with a +5 vorpal war axe!
The orc warrior throws a boomerang.
The boomerang closely misses you.
The orc warrior hits you with a +0 war axe!
The troll bites you but does no damage. The troll claws you!
The troll claws you.
The orc warlord hits you with a +5 vorpal war axe!!
You die...

### ....#. ##.## ......
##...# ......# #...###
#...... ####o...### .....
#....@..o.##
#...##.).T#o....#
#...#..[.[##o..####
#^.[)[).)###...#.## .....#
#..[...T####..o...#
#.....##...#...##......###
#......#...#....#....###
#.......####...#...##
#.....# #...o.#..#


You could see an orc warlord, 2 trolls, 3 orc warriors and an orc.

Vanquished Creatures
  Josephine (D:9)
  A two-headed ogre (D:9)
  A deep elf pyromancer (D:7)
  2 orc knights (Orc:2)
  3 cyclopes
  The ghost of zdrol the Shield-Bearer, a novice MiFi (D:6)
  Maggie (D:9)
  3 gargoyles
  A komodo dragon (D:7)
  A hornet (D:9)
  4 trolls
  Prince Ribbit (D:5)
  3 wyverns
  6 wraiths
  11 yaks
  3 wargs
  An acid dragon (D:7)
  5 water moccasins
  Duvessa (D:5)
  14 orc warriors
  An ice beast (D:7)
  A necrophage (D:6)
  5 ogres
  2 centaurs (D:7)
  A kobold brigand (D:9)
  A phantom (D:5)
  4 bullfrogs
  3 scorpions
  A gnoll sergeant (D:7)
  Dowan (D:5)
  3 water moccasin zombies
  A water moccasin skeleton (D:4)
  14 killer bees
  3 howler monkeys
  7 centaur zombies
  3 hounds
  2 bullfrog skeletons
  9 orc priests
  4 centaur skeletons
  4 gnoll shamans
  3 iguanas
  6 orc wizards
  A killer bee zombie (D:7)
  A hound skeleton (D:5)
  16 gnolls
  A howler monkey skeleton (D:7)
  8 adders
  3 white imps
  A worm (D:4)
  3 dart slugs
  46 orcs
  4 bats
  5 endoplasms
  4 giant cockroaches
  6 hobgoblins
  5 quokkas
  6 ball pythons
  7 frilled lizards
  12 goblins
  9 kobolds
  4 rats
285 creatures vanquished.

Vanquished Creatures (others)
  3 plants (D:5)
3 creatures vanquished.

Grand Total: 288 creatures vanquished

Notes
Turn   | Place    | Note
-------+----------+-------------------------------------------
     0 | D:1      | ZARRMARR the Gargoyle Earth Elementalist began the quest
                  | for the Orb.
     0 | D:1      | Reached XP level 1. HP: 10/10 MP: 3/3
   121 | D:1      | Found Kyrhef's Distillery.
   221 | D:1      | Reached skill level 4 in Earth Magic
   237 | D:1      | Found Aculi's General Store.
   293 | D:1      | Reached XP level 2. HP: 15/15 MP: 1/5
   458 | D:1      | Found Xoitaikh's General Store.
   741 | D:1      | Found Appe's General Store.
   863 | D:1      | Reached XP level 3. HP: 19/19 MP: 4/6
   902 | D:1      | Reached skill level 5 in Earth Magic
  1263 | D:1      | Learned a level 3 spell: Stone Arrow
  1831 | D:2      | Found a faded altar of an unknown god.
  2452 | D:3      | Reached XP level 4. HP: 24/24 MP: 3/7
  2594 | D:2      | Reached skill level 6 in Earth Magic
  3026 | D:3      | Reached XP level 5. HP: 26/28 MP: 2/8
  3475 | D:3      | Identified a scroll of acquirement
  3477 | D:3      | Acquired 895 gold pieces
  3689 | D:4      | Reached skill level 7 in Earth Magic
  3689 | D:4      | Reached XP level 6. HP: 32/32 MP: 5/10
  4043 | D:4      | Reached skill level 8 in Earth Magic
  4062 | D:4      | Reached XP level 7. HP: 30/36 MP: 4/12
  4159 | D:4      | Found a broken altar of Ashenzari.
  4528 | D:5      | Entered Level 5 of the Dungeon
  4547 | D:5      | Noticed Prince Ribbit
  4559 | D:5      | Killed Prince Ribbit
  4577 | D:5      | Reached skill level 9 in Earth Magic
  5319 | D:5      | Reached skill level 5 in Spellcasting
  5319 | D:5      | Reached XP level 8. HP: 24/41 MP: 5/15
  5643 | D:5      | Reached skill level 10 in Earth Magic
  5909 | D:5      | Found a staircase to the Ecumenical Temple.
  5915 | D:5      | Noticed Dowan
  5916 | D:5      | Noticed Duvessa
  5923 | Temple   | Entered the Ecumenical Temple
  6096 | Temple   | Became a worshipper of Sif Muna the Loreminder
  6192 | D:5      | Killed Duvessa
  6444 | D:5      | Killed Dowan
  6448 | D:5      | Reached XP level 9. HP: 45/45 MP: 14/19
  6477 | D:5      | Learned a level 2 spell: Passwall
  6716 | D:5      | Found a sacrificial altar of Ru.
  7059 | D:6      | Reached skill level 11 in Earth Magic
  7242 | D:6      | Found a stormy altar of Qazlal.
  7246 | D:6      | Found a runed translucent gate.
  7247 | D:6      | Found a runed translucent gate.
  7248 | D:6      | Found a runed translucent gate.
  7249 | D:6      | Noticed zdrol's ghost (novice MiFi)
  7725 | D:7      | Noticed a gargoyle
  8492 | D:7      | Reached * piety under Sif Muna
  8744 | D:7      | Noticed a komodo dragon
  8749 | D:7      | Found a runed translucent door.
  8755 | D:7      | Killed a gargoyle
  8824 | D:7      | Reached skill level 12 in Earth Magic
  9268 | D:7      | Noticed a deep elf pyromancer
  9268 | D:7      | Noticed a troll
  9269 | D:7      | Noticed a cyclops
  9269 | D:7      | Noticed a troll
  9269 | D:7      | Noticed a cyclops
  9619 | D:7      | Killed a troll
  9620 | D:7      | Reached XP level 10. HP: 28/50 MP: 17/22
  9775 | D:7      | Killed a cyclops
  9815 | D:7      | Killed a deep elf pyromancer
 10018 | D:7      | Reached skill level 10 in Spellcasting
 10025 | D:7      | Killed a cyclops
 10350 | D:8      | Reached ** piety under Sif Muna
 11223 | D:6      | Killed zdrol's ghost
 11314 | D:6      | Identified the +5 pair of gloves "Quzusse" {rN++}
 11515 | D:8      | Learned a level 4 spell: Petrify
 11606 | D:9      | Reached XP level 11. HP: 54/54 MP: 23/26
 11619 | D:9      | Noticed a two-headed ogre
 11622 | D:9      | Killed a two-headed ogre
 11646 | D:9      | Found a burning altar of Makhleb.
 11646 | D:9      | Found an ancient bone altar of Kikubaaqudgha.
 11675 | D:9      | Noticed Maggie
 11682 | D:9      | Killed Maggie
 11786 | D:9      | Reached *** piety under Sif Muna
 12212 | D:9      | Reached skill level 13 in Earth Magic
 12300 | D:9      | Found a staircase to the Orcish Mines.
 13700 | D:7      | Reached **** piety under Sif Muna
 13968 | D:10     | Entered Level 10 of the Dungeon
 14410 | D:10     | Reached skill level 14 in Earth Magic
 14689 | D:10     | Reached skill level 1 in Armour
 15008 | Orc:1    | Entered Level 1 of the Orcish Mines
 15033 | Orc:1    | Noticed Josephine
 15040 | Orc:1    | Reached XP level 12. HP: 59/59 MP: 1/29
 15066 | D:9      | Killed Josephine
 15417 | Orc:2    | Entered Level 2 of the Orcish Mines
 15878 | Orc:2    | Noticed an orc warlord
 16080 | Orc:2    | Mangled by an orc warlord

Illustrated notes

Levels and vault maps discovered:
D:1:      heliophobic_arrival_enchanted_forest, layout_basic, serial_shops,
          shop, shop, nicolae_shop_waterfront, shop
D:2:      minmay_diamond_boxcup, layout_basic, hellmonk_ecumenical_altar_run_dry
D:3:      kennysheep_big_flooded_room, layout_loops_ring
D:4:      layout_basic, old_standard_altar, chequers_serial_rivers_large_a
D:5:      layout_basic, nicolae_ru_the_path_less_chosen,
          minmay_temple_entry_gardened_gates, kennysheep_generic_room_14,
          uniq_duvessa, uniq_prince_ribbit1
D:6:      layout_cave_pools, grunt_qazlal_clouds, biasface_ghost_orc_armoury,
          dk_noncrumbling_3
D:7:      minmay_the_grid_triangle_9x9_rhombus_full
          [minmay_the_grid_triangle_9x9_checkered,
          minmay_the_grid_triangle_9x9_flanged_cone,
          minmay_the_grid_triangle_9x9_from_above,
          minmay_the_grid_triangle_9x9_intruding_spiral,
          minmay_the_grid_triangle_9x9_subtriangle,
          minmay_the_grid_triangle_9x9_sparse_checkered,
          minmay_the_grid_triangle_9x9_thin_v,
          minmay_the_grid_triangle_9x9_prize_top_heavy], layout_basic,
          minmay_door_square
D:8:      layout_rooms
D:9:      layout_basic, gammafunk_temple_overflow_elements, david_orc_5,
          chequers_serial_rivers_room_b, uniq_maggie
D:10:     layout_roguey
Temple:   minmay_temple_bridge_d
Orc:1:    layout_caves, uniq_josephine
Orc:2:    grunt_orc_tribal_feast, layout_diamond_mine

Skill      XL: |  1  2  3  4  5  6  7  8  9 10 11 12 |
---------------+-------------------------------------+-----
Earth Magic    | 4 5 6 7 8 9 10 12 14 | 14.8
Spellcasting   | 3 5 6 8 11 13 | 13.5
Armour         | 1 2 |  2.9
Dodging        | |  1.5
Stealth        | |  2.1
Transmutations | |  0.7

Action                   |  1- 3 |  4- 6 |  7- 9 | 10-12 || total
-------------------------+-------+-------+-------+-------++-------
Melee: Unarmed           |     9 |       |       |       ||     9
       Dagger            |     5 |    25 |    37 |     1 ||    68
       Quarterstaff      |       |       |       |    28 ||    28
Throw: Boomerang         |     9 |    38 |    85 |   104 ||   236
       Dart              |       |       |     9 |       ||     9
 Cast: Sandblast         |    34 |    23 |   134 |   161 ||   352
       Stone Arrow       |    14 |    10 |       |   179 ||   203
Evoke: Wand              |       |       |     5 |     4 ||     9
       Condenser vane    |       |       |       |     1 ||     1
       Phial of floods   |       |       |       |     1 ||     1
  Use: Scroll            |     5 |     3 |     6 |     8 ||    22
 Stab: Sleeping          |       |       |     1 |       ||     1
Armor: Robe              |     3 |     6 |    28 |    53 ||    90
       Skin              |       |       |    38 |       ||    38
       Ring mail         |       |       |       |    57 ||    57
Dodge: Dodged            |     8 |    17 |    49 |    92 ||   166
